 Dungeon Crawl Stone Soup version 0.30.0-15-g856e2d3f33 (webtiles) character file.

Game seed: 12515204382020824062

4504 qw the Cleaver (level 10, -1/64 HPs)
             Began as a Gargoyle Fighter on May 19, 2023.
             Was a Follower of Okawaru.
             Slain by a death yak (13 damage)
             ... on level 8 of the Dungeon.
             The game lasted 00:03:48 (6500 turns).

qw the Cleaver (Gargoyle Fighter)                   Turns: 6500, Time: 00:03:48

Health: -1/64      AC: 28    Str: 25    XL:     10   Next: 39%
Magic:  13/13      EV: 14    Int:  8    God:    Okawaru [*.....]
Gold:   449        SH:  6    Dex:  9    Spells: 9/9 levels left

rFire   . . .        g - +3 war axe (vamp)
rCold   . . .        c - +0 buckler
rNeg    + . .        f - +0 plate armour
rPois   inf          b - +1 helmet
rElec   +            r - +2 cloak
rCorr   .            (no gloves)
SInv    +            (no boots)
Will    .....        (no amulet) Stlth
                     w - +5 ring of evasion
HPRegen 0.30/turn    l - ring of see invisible
MPRegen 0.13/turn

%: no passive effects
@: heroic
A: sickness immunity, AC +7, negative energy resistance 1, electricity
resistance, torment resistance 1, petrification resistance
a: Renounce Religion, Heroism


You were on level 8 of the Dungeon.
You worshipped Okawaru.
Okawaru was aware of your devotion.
You visited 1 branch of the dungeon, and saw 9 of its levels.

You collected 449 gold pieces.


Innate Abilities, Weirdness & Mutations

You are immune to sickness and miasma.
Your stone body is resilient. (AC +7)
You are immune to poison.
You resist negative energy. (rN+)
You are resistant to electric shocks. (rElec)
You are resistant to unholy torment.
You are immune to petrification.


   Skills:
 - Level 8.0(13.0) Fighting
 - Level 10.0(15.0) Axes
 - Level 2.7(7.7) Throwing
 + Level 6.0(11.0) Armour
 - Level 1.4(6.4) Dodging
 - Level 4.9(9.9) Shields
 - Level 4.0 Invocations


You had 9 spell levels left.
You didn't know any spells.
Your spell library was empty.

Inventory:

Hand Weapons
 g - a +3 vampiric war axe (weapon)
 n - a +2 flail of protection
Armour
 b - a +1 helmet (worn)
 c - a +0 buckler (worn)
 f - a +0 plate armour (worn)
 r - a +2 cloak (worn)
Jewellery
 l - a ring of see invisible (right hand)
 o - a ring of protection from fire
 v - a +4 ring of protection
 w - a +5 ring of evasion (left hand)
Scrolls
 a - a scroll of identify
Potions
 d - 6 potions of might
 e - a potion of lignification
 i - 4 potions of mutation
 j - a potion of curing
 k - a potion of haste
 m - a potion of flight {unknown}
 p - 2 potions of attraction
 q - 2 potions of resistance
 u - a potion of magic

Dungeon Overview and Level Annotations

Branches:
Dungeon (9/15)             Temple (0/1) D:6
   Lair: D:8-11         Orc: D:9-12

Altars:
Elyvilon
Kikubaaqudgha
Nemelex Xobeh
Okawaru
Qazlal
Uskayaw
Vehumet
Yredelemnul
The Shining One

Annotations:
D:6 3 runed translucent doors, Crazy Yiuf; qw's ghost, novice GrCA
D:8 2 runed translucent doors, qw's ghost, novice GrCA


Message History

You slash the death yak!
The death yak is moderately wounded.
You hit the death yak but do no damage.
The death yak is moderately wounded.
The death yak gores you!!
You barely miss the death yak.
The death yak is moderately wounded.
You slash the death yak!
You feel better.
The death yak gores you but does no damage.
The death yak closely misses you.
You hit the death yak but do no damage.
The death yak is moderately wounded.
You hit the death yak. The death yak gores you!
The death yak gores you but does no damage.
An orc warrior comes into view. It is wielding a +0 flail.
You barely miss the death yak.
The death yak is moderately wounded.
You slash the death yak!
You feel better.
You slash the death yak!
The death yak is heavily wounded.
You slash the death yak!
The death yak gores you but does no damage.
An orc comes into view. It is wielding a +0 club.
The death yak gores you but does no damage.
The orc shouts!
You slice the death yak!!
The death yak is severely wounded.
You hit the death yak but do no damage. The death yak gores you!!
6498 ||| STAIRDANCE The death yak gores you!!
The death yak misses you. The death yak gores you.
You climb upwards.
Level annotation: 2 runed translucent doors, qw's ghost, novice GrCA
There is a stone staircase leading down here.
6500 ||| DRINKING potion of heal wounds.
You feel much better. The death yak gores you! The death yak barely misses you.
The death yak gores you!
You die...

.........###
...........##
............####
..#.#......###.#
...#.......#:..##
#.##..#...).....##
#.....##.........#
......#.##.....YY#
...............Y@#
.#.............###
##.........#...#
#.....#...#...#
##....##.[....##
......#.....###
>....##....##
.#.###.....#
.#.####..<##


You could see 3 death yaks.

Vanquished Creatures
  Joseph (D:7)
  Maggie (D:7)
  A hornet (D:8)
  Grinder (D:4)
  Prince Ribbit (D:7)
  A wyvern (D:8)
  A steam dragon (D:4)
  Menkaure (D:4)
  An acid dragon (D:8)
  An ice beast (D:7)
  A sky beast (D:7)
  3 ogres
  2 centaurs
  A phantom (D:5)
  3 bullfrogs
  4 scorpions
  8 killer bees
  4 howler monkeys
  4 hounds (D:4)
  3 jellies
  2 bullfrog zombies (D:5)
  6 orc priests
  A gnoll bouda (D:8)
  2 sleepcaps
  Jessica (D:3)
  5 iguanas
  7 orc wizards
  Robin (D:3)
  15 gnolls
  3 adders
  A white imp (D:5)
  20 orcs
  4 ball pythons
  7 bats
  7 endoplasms
  3 giant cockroaches
  15 goblins
  6 hobgoblins
  6 quokkas
  2 frilled lizards
  6 kobolds
  19 rats
182 creatures vanquished.

Notes
Turn   | Place    | Note
-------+----------+-------------------------------------------
     0 | D:1      | qw the Gargoyle Fighter began the quest for the Orb.
     0 | D:1      | Reached XP level 1. HP: 14/14 MP: 1/1
     0 | D:1      | 0 ||| qw: Version: 0.2-a-96-g8eb1148
     0 | D:1      | 0 ||| qw: Game counter: 11
     0 | D:1      | 0 ||| qw: Always use a shield: true
     0 | D:1      | 0 ||| qw: God list: Okawaru
     0 | D:1      | 0 ||| qw: Allow faded altars: false
     0 | D:1      | 0 ||| qw: Do Orc after D:15 true
     0 | D:1      | 0 ||| qw: Do second Lair branch before Depths: true
     0 | D:1      | 0 ||| qw: Lair rune preference: random
     0 | D:1      | 0 ||| qw: Plans: Normal, Zot:1-4, God:TSO, Crypt, Tomb,
                  | Pan, Slime:5, Hells, Abyss, Win
     0 | D:1      | 0 ||| PLANNING D:1-11
   153 | D:1      | Reached skill level 2 in Axes
   166 | D:1      | 166 ||| Stepping ~*~*~tactically~*~*~ (hiding).
   167 | D:1      | 167 ||| Stepping ~*~*~tactically~*~*~ (hiding).
   228 | D:1      | Reached XP level 2. HP: 19/19 MP: 2/2
   853 | D:1      | Reached skill level 3 in Axes
   924 | D:1      | 924 ||| READING 3 scrolls labelled PEPTYD QUODWOF.
   925 | D:1      | 925 ||| READING scroll labelled HAX OWNUWUUCW.
   926 | D:1      | 926 ||| READING scroll labelled UMNUUSSO XARE.
   927 | D:1      | 927 ||| READING scroll labelled YKHOSCH NEITHAEJY.
   928 | D:1      | 928 ||| READING scroll labelled HEIZXA GOAWNA.
   929 | D:1      | 929 ||| READING 2 scrolls of identify.
   929 | D:1      | 929 ||| IDENTIFYING orange potion
  1145 | D:2      | Reached XP level 3. HP: 23/23 MP: 3/3
  1416 | D:2      | You fall into a shaft and drop 2 floors!
  1423 | D:4      | Noticed a scorpion
  1424 | D:4      | 1424 ||| Stepping ~*~*~tactically~*~*~ (stealth).
  1443 | D:4      | Killed a scorpion
  1444 | D:4      | Reached skill level 4 in Axes
  1444 | D:4      | Reached XP level 4. HP: 17/28 MP: 4/4
  1518 | D:4      | 1518 ||| UPGRADING to +0 plate armour.
  1540 | D:4      | Reached XP level 5. HP: 21/32 MP: 5/5
  1583 | D:4      | 1583 ||| DROPPING +0 scale mail.
  1584 | D:4      | 1584 ||| UPGRADING to +0 cloak.
  1588 | D:4      | Noticed an ogre
  1596 | D:4      | HP: 4/32 [ogre/+0 giant club (28)]
  1597 | D:4      | 1597 ||| DRINKING 2 potions of heal wounds.
  1602 | D:4      | Killed an ogre
  1603 | D:4      | Reached skill level 5 in Axes
  1648 | D:4      | 1648 ||| READING scroll of enchant armour.
  1648 | D:4      | 1648 ||| ENCHANTING +0 cloak.
  1649 | D:4      | 1649 ||| READING scroll labelled ZEBIKUS OTOENA.
  1650 | D:4      | 1650 ||| READING 2 scrolls labelled UFOMUGUTIPS.
  1651 | D:4      | 1651 ||| DRINKING 2 smoky silvery potions.
  1652 | D:4      | 1652 ||| READING 2 scrolls of identify.
  1652 | D:4      | 1652 ||| IDENTIFYING golden potion
  1653 | D:4      | 1653 ||| DROPPING potion of magic.
  1654 | D:4      | 1654 ||| DROPPING scroll of blinking.
  1662 | D:3      | Noticed Robin
  1662 | D:3      | Noticed Jessica
  1666 | D:3      | Killed Jessica
  1667 | D:3      | Reached XP level 6. HP: 32/38 MP: 6/6
  1671 | D:3      | Killed Robin
  1743 | D:3      | 1743 ||| Stepping ~*~*~tactically~*~*~ (hiding).
  1767 | D:3      | 1767 ||| UPGRADING to +0 helmet.
  1772 | D:3      | 1772 ||| READING scroll labelled BIREG VYRPHE.
  1773 | D:3      | 1773 ||| DRINKING 2 bubbling coppery potions.
  1848 | D:2      | 1848 ||| READING scroll of enchant weapon.
  1848 | D:2      | 1848 ||| ENCHANTING +1 war axe.
  1860 | D:2      | Found a white marble altar of Elyvilon.
  1871 | D:2      | 1871 ||| READING scroll labelled DEULIHI JOEL.
  1911 | D:3      | 1911 ||| Stepping ~*~*~tactically~*~*~ (hiding).
  1912 | D:3      | 1912 ||| Stepping ~*~*~tactically~*~*~ (hiding).
  1913 | D:3      | 1913 ||| Stepping ~*~*~tactically~*~*~ (hiding).
  1932 | D:3      | 1932 ||| READING scroll of enchant armour.
  1932 | D:3      | 1932 ||| ENCHANTING +0 helmet.
  1936 | D:3      | 1936 ||| Stepping ~*~*~tactically~*~*~ (stealth).
  1938 | D:3      | 1938 ||| Stepping ~*~*~tactically~*~*~ (stealth).
  1943 | D:3      | 1943 ||| Stepping ~*~*~tactically~*~*~ (hiding).
  1944 | D:3      | 1944 ||| Stepping ~*~*~tactically~*~*~ (hiding).
  1949 | D:3      | Reached skill level 6 in Axes
  2044 | D:3      | 2044 ||| READING scroll of enchant weapon.
  2044 | D:3      | 2044 ||| ENCHANTING +2 war axe.
  2307 | D:3      | 2307 ||| UPGRADING to ring of protection from fire.
  2308 | D:3      | 2308 ||| UPGRADING to ring of positive energy.
  2309 | D:3      | 2309 ||| READING scroll labelled IDWYUR QINU.
  2310 | D:3      | 2310 ||| DRINKING 2 red potions.
  2348 | D:4      | Noticed Grinder
  2358 | D:4      | Paralysed by Grinder for 4 turns
  2381 | D:4      | HP: 9/38 [Grinder/nerve-wracking pain (2)]
  2382 | D:4      | 2382 ||| DRINKING 2 potions of heal wounds.
  2385 | D:4      | Killed Grinder
  2386 | D:4      | Reached XP level 7. HP: 30/43 MP: 7/7
  2440 | D:4      | 2440 ||| DROPPING +0 mace.
  2453 | D:4      | 2453 ||| Stepping ~*~*~tactically~*~*~ (stealth).
  2536 | D:4      | Noticed a steam dragon
  2544 | D:4      | Killed a steam dragon
  2679 | D:4      | Reached skill level 7 in Axes
  2808 | D:4      | Reached XP level 8. HP: 48/48 MP: 8/8
  2834 | D:4      | 2834 ||| Stepping ~*~*~tactically~*~*~ (stealth).
  2836 | D:4      | 2836 ||| Stepping ~*~*~tactically~*~*~ (hiding).
  2869 | D:4      | 2869 ||| Stepping ~*~*~tactically~*~*~ (stealth).
  2871 | D:4      | 2871 ||| Stepping ~*~*~tactically~*~*~ (stealth).
  2928 | D:4      | Noticed Menkaure
  2929 | D:4      | 2929 ||| Stepping ~*~*~tactically~*~*~ (hiding).
  2932 | D:4      | 2932 ||| Stepping ~*~*~tactically~*~*~ (hiding).
  2941 | D:4      | Killed Menkaure
  3096 | D:4      | 3096 ||| UPGRADING to +2 cloak.
  3106 | D:4      | 3106 ||| DROPPING +1 cloak.
  3107 | D:4      | 3107 ||| UPGRADING to amulet of guardian spirit.
  3112 | D:4      | 3112 ||| DRINKING 2 viscous puce potions.
  3113 | D:4      | 3113 ||| DRINKING 3 brown potions.
  3114 | D:4      | 3114 ||| READING 2 scrolls of identify.
  3114 | D:4      | 3114 ||| IDENTIFYING lumpy emerald potion
  3115 | D:4      | 3115 ||| DROPPING potion of brilliance.
  3150 | D:5      | Entered Level 5 of the Dungeon
  3154 | D:5      | 3154 ||| STAIRDANCE
  3159 | D:4      | Reached skill level 1 in Dodging
  3223 | D:5      | 3223 ||| Stepping ~*~*~tactically~*~*~ (stealth).
  3249 | D:5      | Found a sparkling altar of Nemelex Xobeh.
  3266 | D:5      | Found a hide-covered altar of Uskayaw.
  3347 | D:5      | 3347 ||| Stepping ~*~*~tactically~*~*~ (stealth).
  3416 | D:5      | 3416 ||| Stepping ~*~*~tactically~*~*~ (stealth).
  3417 | D:5      | 3417 ||| Stepping ~*~*~tactically~*~*~ (stealth).
  3559 | D:5      | 3559 ||| Stepping ~*~*~tactically~*~*~ (stealth).
  3634 | D:5      | Reached skill level 8 in Axes
  3660 | D:5      | Reached skill level 6 in Fighting
  3663 | D:5      | 3663 ||| Stepping ~*~*~tactically~*~*~ (stealth).
  3664 | D:5      | 3664 ||| Stepping ~*~*~tactically~*~*~ (stealth).
  3759 | D:5      | Found a basalt altar of Yredelemnul.
  3983 | D:6      | Reached XP level 9. HP: 54/55 MP: 7/9
  4001 | D:6      | Found a runed translucent door.
  4014 | D:6      | Found an iron altar of Okawaru.
  4015 | D:6      | 4015 ||| PLANNING OKAWARU WORSHIP
  4021 | D:6      | Became a worshipper of Warmaster Okawaru
  4021 | D:6      | 4021 ||| PLANNING D:1-11
  4022 | D:6      | 4022 ||| REMOVING amulet of guardian spirit.
  4083 | D:6      | Found a runed translucent door.
  4088 | D:6      | Noticed qw's ghost (novice GrCA)
  4190 | D:6      | 4190 ||| Stepping ~*~*~tactically~*~*~ (hiding).
  4214 | D:6      | 4214 ||| DROPPING +0 flail.
  4242 | D:6      | Reached skill level 1 in Throwing
  4352 | D:6      | Found a glowing golden altar of the Shining One.
  4352 | D:6      | Found a stormy altar of Qazlal.
  4419 | D:6      | Reached skill level 9 in Axes
  4432 | D:6      | 4432 ||| Stepping ~*~*~tactically~*~*~ (stealth).
  4433 | D:6      | 4433 ||| Stepping ~*~*~tactically~*~*~ (stealth).
  4434 | D:6      | 4434 ||| Stepping ~*~*~tactically~*~*~ (stealth).
  4439 | D:6      | 4439 ||| Stepping ~*~*~tactically~*~*~ (hiding).
  4484 | D:6      | Found a staircase to the Ecumenical Temple.
  4586 | D:6      | Found a runed translucent door.
  4587 | D:6      | Noticed Crazy Yiuf
  4772 | D:6      | Found a radiant altar of Vehumet.
  4981 | D:6      | 4981 ||| DROPPING amulet of guardian spirit.
  4982 | D:6      | 4982 ||| DRINKING 2 fuming cyan potions.
  5087 | D:6      | 5087 ||| DROPPING potion of berserk rage.
  5126 | D:7      | Noticed Maggie
  5127 | D:7      | 5127 ||| Stepping ~*~*~tactically~*~*~ (hiding).
  5152 | D:7      | Killed Maggie
  5310 | D:7      | Reached skill level 6 in Armour
  5530 | D:7      | Noticed Prince Ribbit
  5545 | D:7      | Killed Prince Ribbit
  5545 | D:7      | Reached * piety under Okawaru
  5582 | D:7      | Noticed Joseph
  5594 | D:7      | 5594 ||| INVOKING Heroism.
  5596 | D:7      | Killed Joseph
  5737 | D:7      | Found an ancient bone altar of Kikubaaqudgha.
  5745 | D:7      | Reached skill level 3 in Invocations
  5745 | D:7      | Reached XP level 10. HP: 63/63 MP: 12/12
  5892 | D:8      | 5892 ||| Stepping ~*~*~tactically~*~*~ (hiding).
  5907 | D:8      | 5907 ||| INVOKING Heroism.
  5920 | D:8      | 5920 ||| DRINKING 2 potions of curing.
  5920 | D:8      | 5920 ||| (to cure confusion)
  5965 | D:8      | 5965 ||| Stepping ~*~*~tactically~*~*~ (stealth).
  5982 | D:8      | 5982 ||| UPGRADING to +4 ring of protection.
  5987 | D:8      | Reached skill level 10 in Axes
  5992 | D:8      | Reached ** piety under Okawaru
  6027 | D:8      | 6027 ||| INVOKING Heroism.
  6105 | D:8      | Found a large runed translucent door.
  6105 | D:8      | Found a large runed translucent door.
  6106 | D:8      | 6106 ||| INVOKING Heroism.
  6162 | D:8      | 6162 ||| Stepping ~*~*~tactically~*~*~ (hiding).
  6370 | D:8      | Noticed qw's ghost (novice GrCA)
  6448 | D:8      | 6448 ||| UPGRADING to ring of see invisible.
  6450 | D:8      | 6450 ||| UPGRADING to +5 ring of evasion.
  6452 | D:8      | 6452 ||| DROPPING ring of positive energy.
  6453 | D:8      | 6453 ||| READING scroll labelled PEAZU EFODDAIMP.
  6463 | D:8      | 6463 ||| READING 2 scrolls of identify.
  6463 | D:8      | 6463 ||| IDENTIFYING fizzy clear potion
  6483 | D:9      | Noticed a death yak
  6484 | D:9      | 6484 ||| INVOKING Heroism.
  6485 | D:9      | Noticed a death yak
  6489 | D:9      | Noticed a death yak
  6498 | D:9      | 6498 ||| STAIRDANCE
  6498 | D:9      | HP: 6/64 [death yak (18)]
  6500 | D:8      | 6500 ||| DRINKING potion of heal wounds.
  6500 | D:8      | Slain by a death yak

Levels and vault maps discovered:
D:1:      scummos_arrival_gate, layout_loops_corners
D:2:      layout_basic, basic_altar, kennysheep_generic_room_9
D:3:      layout_rooms, eino_tiny_chamber, corexii_hall_statues_i, uniq_robin,
          uniq_jessica
D:4:      layout_loops_ring, minmay_rat_hole, uniq_grinder, uniq_menkaure
D:5:      layout_rooms, mainiacjoe_overflow_concentric_impassable,
          mainiacjoe_overflow_cross_hatched, lemuel_zombie_altar_yredelemnul
D:6:      layout_loops_corners, kennysheep_mini, okawaru_ov_weapons_minmay,
          mainiacjoe_overflow_divided_tiny, minmay_temple_entry_glassed_door,
          ebering_ghost_sewer_f, uniq_crazy_yiuf_cottage
D:7:      layout_gridville, mainiacjoe_overflow_alcove_4, nrook_mini_vaults,
          uniq_maggie, uniq_joseph, uniq_prince_ribbit1
D:8:      layout_cave_pools, mainiacjoe_overflow_brackets,
          ebering_ghost_disaster_area
D:9:      layout_small_grid, general_overflow_altar, dpeg_lair_monsters

Skill      XL: |  1  2  3  4  5  6  7  8  9 10 |
---------------+-------------------------------+-----
Axes           | 2 3 4 5 6 7 8 9 10 | 10.0
Fighting       | 4 6 7 8 |  8.0
Armour         | 5 6 |  6.0
Dodging        | 1 |  1.4
Throwing       | 2 |  2.7
Shields        | 4 |  4.9
Invocations    | 3 4 |  4.0

Action                     |  1- 3 |  4- 6 |  7- 9 | 10-12 || total
---------------------------+-------+-------+-------+-------++-------
  Melee: War axe           |   108 |    87 |   293 |    74 ||   562
  Throw: Javelin           |       |       |    24 |    12 ||    36
         Boomerang         |       |       |       |     8 ||     8
 Invoke: Heroism           |       |       |     1 |     4 ||     5
    Use: Scroll            |     6 |    10 |     1 |     2 ||    19
         Potion            |       |     5 |     3 |     2 ||    10
 Armour: Scale mail        |    57 |       |       |       ||    57
         Plate armour      |       |    52 |   155 |    79 ||   286
         Skin              |       |     1 |       |       ||     1
  Dodge: Dodged            |    47 |    27 |    98 |    46 ||   218
  Block: Buckler           |    24 |     9 |    39 |    11 ||    83

Table legend:
 A = Non-vault XP
 B = Vault XP
 C = Vault XP percentage of total XP
 D = Non-vault monster count
 E = Vault monster count
 F = Vault count percentage of total count
                 A         B        C        D         E       F
            +---------+---------+-------+---------+---------+-------
      Total |    4613 |    1822 |  28.3 |     142 |      40 |  22.0
            +---------+---------+-------+---------+---------+-------
        D:1 |      30 |       0 |   0.0 |      18 |       0 |   0.0
        D:2 |      11 |       1 |   8.3 |       6 |       1 |  14.3
        D:3 |     156 |      73 |  31.9 |      13 |      13 |  50.0
        D:4 |     869 |     485 |  35.8 |      32 |      21 |  39.6
        D:5 |     604 |      90 |  13.0 |      17 |       2 |  10.5
        D:6 |     423 |       0 |   0.0 |      15 |       0 |   0.0
        D:7 |     821 |    1173 |  58.8 |      13 |       3 |  18.8
        D:8 |    1699 |       0 |   0.0 |      28 |       0 |   0.0
            +---------+---------+-------+---------+---------+-------
